 Dungeon Crawl Stone Soup version 0.30.0-29-ga12c61a403 (webtiles) character file.

Game seed: 1374031390700218518

32 ChadusMaximus the Caller (level 3, -2/24 HPs)
             Began as a Barachi Summoner on June 24, 2023.
             Slain by Terence
             ... wielding a +0 flail
              (7 damage)
             ... on level 2 of the Dungeon.
             The game lasted 00:02:15 (1160 turns).

ChadusMaximus the Caller (Barachi Summoner)         Turns: 1160, Time: 00:02:16

Health: -2/24      AC:  3    Str:  9    XL:     3   Next: 25%
Magic:  1/7        EV: 12    Int: 17    God:
Gold:   81         SH:  0    Dex: 12    Spells: 1/7 levels left

rFire   . . .        h - +0 short sword
rCold   . . .        (no shield)
rNeg    . . .        a - +0 robe
rPois   .            (no helmet)
rElec   .            (no cloak)
rCorr   .            (no gloves)
SInv    .            i - +0 pair of boots {rampage}
Will    .....        (no amulet)
Stlth   ++           (no ring)
HPRegen 0.24/turn    (no ring)
MPRegen 0.10/turn

%: rampage
@: unable to hop, slow
A: amphibious, slowness 1, strong legs 1, +LOS
a: Hop


You were on level 2 of the Dungeon.
You visited 1 branch of the dungeon, and saw 2 of its levels.

You collected 81 gold pieces.

Inventory:

Hand Weapons
 d - a +0 club
 h - a +0 short sword (weapon)
Armour
 a - a +0 robe (worn)
 i - a +0 pair of boots of rampaging (worn)
Scrolls
 c - a scroll of amnesia {unknown}
 e - a scroll of blinking {unknown}
 f - 2 scrolls of enchant weapon {unknown}
 g - a scroll of magic mapping {unknown}
 k - 2 scrolls of brand weapon {unknown}
Potions
 b - a potion of magic
 j - a potion of might {unknown}
 l - a potion of mutation {unknown}


   Skills:
 - Level 2.1 Dodging
 - Level 1.7 Stealth
 + Level 2.7 Spellcasting
 * Level 5.7 Summonings


You had one spell level left.
You knew the following spells:

 Your Spells              Type           Power      Damage    Failure   Level
a - Summon Small Mammal   Summ           84%        N/A       1%          1
b - Call Canine Familiar  Summ           21%        N/A       4%          3
c - Call Imp              Summ           42%        N/A       2%          2

Your spell library contained the following spells:

 Spells                   Type           Power      Damage    Failure   Level
 Summon Guardian Golem    Hex/Summ       12%        N/A       17%         3
 Summon Lightning Spire   Summ/Air       12%        N/A       50%         4


Dungeon Overview and Level Annotations

Branches:
Dungeon (2/15)

Altars:

Annotations:
D:2 Terence


Innate Abilities, Weirdness & Mutations

You are amphibious.
You cover ground slowly.
You can hop short distances.
You have an extended range of vision and can be seen from far away.


Message History

The kobold closely misses you. Terence misses your hound.
The endoplasm hits your hound but does no damage.
Your cerulean imp hits the kobold with a -2 spear.
The kobold dies!
Unknown command.
The bat barely misses your cerulean imp.
Your hound barely misses Terence.
Terence hits you with a +0 flail!
The endoplasm hits your hound but does no damage.
Your hound bites Terence.
Your cerulean imp misses the bat.
Your rat bites the bat.
Things that are here:
a +0 dagger; a green potion; a kobold corpse You hit Terence.
Terence is moderately wounded.
The bat closely misses your rat. The bat barely misses your rat.
Your hound bites Terence.
The endoplasm closely misses your hound.
Terence hits you with a +0 flail!
Ouch! That really hurt!
* * * LOW HITPOINT WARNING * * *
You are too injured to fight recklessly!
Unknown command.
Hop to where?
Press: ? - help, Dir - move target Boing!
Your hound bites Terence.
The bat hits you but does no damage. The endoplasm hits your hound.
Your cerulean imp barely misses the bat.
Your hound bites the endoplasm.
Your quokka bites Terence but does no damage.
Unknown command.
The bat hits you but does no damage. The bat hits your hound.
Your hound bites the endoplasm.
The endoplasm dies!
Your cerulean imp hits the bat from afar with a -2 spear.
Your quokka completely misses the bat.
The bat barely misses you.
Your rat bites the bat.
The bat dies!
Your cerulean imp hits Terence from afar with a -2 spear.
Terence hits you with a +0 flail!
You die...

...## .#......
....####......##
#..............
#............##
#..............
#...5[)†#
##.###...rr†.# #
.......!.@h..##..
#####...@...#..#
#####..>..........#
......##..........#
#......##....###...
#......##.#.###.....
#...................
#.........###.......
#......##.........
.........#.........


You could see Terence (ally target), a friendly hound (summoned), a friendly
cerulean imp (summoned), a friendly quokka (summoned) and a friendly rat
(summoned).

Vanquished Creatures
  2 dart slugs
  2 ball pythons (D:1)
  An endoplasm (D:1)
  2 giant cockroaches (D:1)
  A hobgoblin (D:1)
  4 bats
  2 frilled lizards (D:1)
  A kobold (D:1)
  A rat (D:2)
16 creatures vanquished.

Vanquished Creatures (collateral kills)
  A ball python (D:1)
  An endoplasm (D:2)
  A hobgoblin (D:1)
  3 bats
  A frilled lizard (D:1)
  5 kobolds
  2 rats (D:1)
14 creatures vanquished.

Grand Total: 30 creatures vanquished

Notes
Turn   | Place    | Note
-------+----------+-------------------------------------------
     0 | D:1      | ChadusMaximus the Barachi Summoner began the quest for the
                  | Orb.
     0 | D:1      | Reached XP level 1. HP: 13/13 MP: 3/3
   161 | D:1      | Reached skill level 5 in Summonings
   221 | D:1      | Reached XP level 2. HP: 5/19 MP: 1/5
  1056 | D:1      | Reached XP level 3. HP: 22/24 MP: 7/7
  1076 | D:1      | Learned a level 3 spell: Call Canine Familiar
  1079 | D:1      | Learned a level 2 spell: Call Imp
  1148 | D:2      | Noticed Terence
  1160 | D:2      | Slain by Terence

Illustrated notes

Levels and vault maps discovered:
D:1:      dpeg_arrival_yet_another_circle, layout_basic, serial_glass,
          glass_columns_a, glass_columns_a, glass_columns_a, glass_columns_a,
          glass_columns_a, glass_columns_b, glass_columns_b, glass_columns_a,
          feat_on_display, due_unseen_surprise, feat_on_display, minmay_3d_cube
D:2:      layout_rooms, uniq_terence, uniq_crazy_yiuf_cottage, uniq_natasha

Skill      XL: |  1 |
---------------+----+-----
Summonings     | 5 |  5.7
Dodging        | |  2.1
Stealth        | |  1.7
Spellcasting   | |  2.7

Action                     || total
---------------------------++-------
  Melee: Unarmed           ||    17
         Club              ||    38
         Punch             ||     2
         Short sword       ||    23
   Cast: Summon Small Mamm ||    14
         Call Imp          ||     1
         Call Canine Famil ||     1
Ability: Hop               ||     1
   Stab: Sleeping          ||     1
 Armour: Robe              ||    30
  Dodge: Dodged            ||    74
